 Dungeon Crawl Stone Soup version 0.27-a0-242-ge0fc76b88b (webtiles) character file.

Game seed: 241473601338954590

191 Borgoz the Slasher (level 5, 0/45 HPs)
             Began as a Ghoul Gladiator on Feb 3, 2021.
             Slain by a bullfrog (5 damage)
             ... in a sewer.
             The game lasted 00:02:56 (2484 turns).

Borgoz the Slasher (Ghoul Gladiator)                Turns: 2484, Time: 00:02:56

Health: 0/45       AC:  6    Str: 18    XL:     5   Next: 70%
Magic:  4/4        EV:  9    Int:  3    God:
Gold:   110        SH:  0    Dex: 11    Spells: 4/4 levels left

rFire    . . .     SeeInvis .   a - +0 long sword
rCold    + . .     Faith    .   (no shield)
rNeg     + + +     Spirit   .   f - +0 ring mail
rPois    ∞         Reflect  .   c - +0 helmet
rElec    .         Harm     .   (no cloak)
rCorr    .         Rampage  .   (no gloves)
Will     +....                  (no boots)
Stlth    ..........             (no amulet)
HPRegen  0.00/turn              o - ring of willpower
MPRegen  0.09/turn              (no ring)

@: very slightly contaminated, constricted, invisible, very slow
A: claws 1, cold resistance 1, negative energy resistance 3, inhibited
regeneration, torment resistance, unbreathing
a: no special abilities


You were in a sewer.
You visited 1 branch of the dungeon, and saw 3 of its levels.
You also visited: Sewer.

You collected 110 gold pieces.

Inventory:

Hand Weapons
 a - a +0 long sword (weapon)
Missiles
 d - 3 throwing nets (quivered)
Armour
 c - a +0 helmet (worn)
 f - a +0 ring mail (worn)
Jewellery
 o - a ring of willpower (left claw)
Scrolls
 h - 2 scrolls of fear
 j - a scroll of blinking {unknown}
 l - a scroll of teleportation
Potions
 b - a potion of heal wounds {unknown}
 e - a potion of invisibility
 g - a potion of haste {unknown}
 i - 3 potions of curing {unknown}
 k - 2 potions of brilliance


   Skills:
 + Level 3.3 Fighting
 * Level 4.0 Long Blades
 - Level 1.7 Throwing
 + Level 1.8 Armour
 + Level 3.5 Dodging


You had 4 spell levels left.
You didn't know any spells.
Your spell library was empty.

Dungeon Overview and Level Annotations

Branches:
Dungeon (3/15)              Sewer (1/1)

Altars:
Trog
Vehumet


Innate Abilities, Weirdness & Mutations

You thrive by killing the living.
You are immune to poison.
You have sharp fingernails.
Your flesh is cold resistant. (rC+)
You are immune to negative energy. (rN+++)
You do not regenerate when monsters are visible.
You are immune to unholy pain and torment.
You can survive without breathing.


Message History

The ball python closely misses you.
You riposte.
Your unstable footing causes you to fumble your attack.
The ball python constricts you. The adder bites you.
* * * LOW HITPOINT WARNING * * *
You are very lightly contaminated with residual magic.
Okay, then.
You closely miss the bullfrog.
The bullfrog is heavily wounded.
The bullfrog hits you.
* * * LOW HITPOINT WARNING * * *
The bullfrog closely misses you. The ball python barely misses you.
The adder closely misses you.
You riposte.
Your unstable footing causes you to fumble your attack.
The adder closely misses you.
You riposte.
You completely miss the adder. The ball python completely misses you.
* * * LOW HITPOINT WARNING * * *
The ball python constricts you. The adder barely misses you.
The bullfrog barely misses you.
You riposte.
You barely miss the bullfrog. The bullfrog hits you.
You die...

≈≈≈÷≈÷#
#≈≈≈≈≈≈#
≈≈≈≈≈≈#
#≈≈≈≈≈≈#
≈≈≈≈≈≈#
#≈≈≈≈≈≈#
≈....≈#
#≈≈≈≈#≈#
.≈[[≈≈#
#≈≈≈≈≈≈#
≈...≈##
#≈≈≈≈.≈#
≈≈≈≈≈≈#
#≈≈≈≈.≈#
≈≈≈≈≈≈#
#≈≈F#S≈#
≈≈≈≈≈≈#
#≈SS@S≈#
≈≈≈≈≈≈#
#≈≈SFS≈#
≈≈≈≈≈≈#
#≈≈SS≈≈#
≈≈≈≈≈≈#
#≈≈≈≈≈≈#
≈≈≈≈≈≈#
#≈≈#≈≈≈#
#..≈..#
##....##
......#
......
.....##
#......
.....#


You could see 2 bullfrogs, 3 adders and 5 ball pythons.

Vanquished Creatures
  9 adders
  2 river rats
  An ooze (Sewer)
  A worm (D:2)
  2 leopard geckos
  An orc (D:3)
  5 giant cockroaches
  8 goblins
  7 hobgoblins
  A quokka (D:2)
  7 ball pythons
  7 bats
  A frilled lizard (Sewer)
  8 kobolds
  33 rats
93 creatures vanquished.

Vanquished Creatures (others)
  A frilled lizard (D:3)
1 creature vanquished.

Grand Total: 94 creatures vanquished

Notes
Turn   | Place    | Note
-------+----------+-------------------------------------------
     0 | D:1      | Borgoz the Ghoul Gladiator began the quest for the Orb.
     0 | D:1      | Reached XP level 1. HP: 17/17 MP: 0/0
   141 | D:1      | Reached XP level 2. HP: 15/25 MP: 1/1
   310 | D:1      | Reached skill level 3 in Long Blades
   629 | D:1      | Reached XP level 3. HP: 30/30 MP: 2/2
   998 | D:2      | Reached skill level 1 in Armour
  1325 | D:2      | Reached XP level 4. HP: 37/37 MP: 3/3
  1661 | D:2      | Found a bloodstained altar of Trog.
  1769 | D:3      | Found a radiant altar of Vehumet.
  1794 | D:3      | Reached XP level 5. HP: 45/45 MP: 4/4
  1800 | D:3      | Found a glowing drain.
  1804 | Sewer    | Entered a sewer
  2157 | Sewer    | Reached skill level 4 in Long Blades
  2484 | Sewer    | Slain by a bullfrog

Illustrated notes

Levels and vault maps discovered:
D:1:      dpeg_arrival_rooms_with_view, layout_basic
D:2:      layout_rooms, serial_bayou_pond_e, trog_book
D:3:      layout_rooms, nzn_hepliaklqana_mist_gate, fiery_altar_vehumet,
          gup_sewer_entry_bowl, minmay_between
Sewer:    sewer_minmay_w

Skill      XL: |  1  2  3  4  5 |
---------------+----------------+-----
Long Blades    | 3 4 |  4.0
Armour         | 1 |  1.8
Dodging        | 3 |  3.5
Fighting       | 3 |  3.3
Throwing       | |  1.7

Action                   |  1- 3 |  4- 6 || total
-------------------------+-------+-------++-------
Melee: Long sword        |   115 |   185 ||   300
Throw: Throwing net      |     1 |       ||     1
  Use: Scroll            |     4 |     7 ||    11
       Potion            |       |     3 ||     3
Armor: Leather armour    |    35 |       ||    35
       Ring mail         |    18 |   112 ||   130
Dodge: Dodged            |    68 |   212 ||   280
       Rpst.: Long sword |    10 |    67 ||    77

Table legend: (Time is in decaauts)
 A = Elapsed time spent in this place.
 B = Non-inter-level travel time spent in this place.
 C = Inter-level travel time spent in this place.
 D = Time resting spent in this place.
 E = Time spent auto-exploring this place.
 F = Levels seen in this place.
 G = Mean time per level.
                   A        B        C        D        E       F      G
               +--------+--------+--------+--------+--------+-----+--------+
         Total |   2588 |   2558 |     30 |    445 |   1460 |   4 |  647.0 |
       Dungeon |   1847 |   1817 |     30 |    187 |   1196 |   3 |  615.7 |
         Sewer |    741 |    741 |      0 |    258 |    264 |   1 |  741.0 |
               +--------+--------+--------+--------+--------+-----+--------+

Top non-repeatable levels by time:
     D:1: 967 daAuts
     D:2: 753 daAuts
   Sewer: 741 daAuts
     D:3: 126 daAuts
